[Event "44th Chess Olympiad Open 2022"]
[Site "Chennai"]
[Date "2022.08.08"]
[Round "10.15"]
[White "Cordova, Emilio"]
[Black "Jobava, Baadur"]
[Result "1-0"]
[ECO "D02"]
[WhiteElo "2549"]
[BlackElo "2585"]
[Annotator "TA"]
[PlyCount "91"]
[EventDate "2022.07.29"]
[EventType "team-tourn"]
[EventCountry "IND"]
[SourceTitle "playchess.com"]
[Source "ChessBase"]
[SourceQuality "1"]
[WhiteTeam "Peru"]
[BlackTeam "Georgia"]
[WhiteTeamCountry "PER"]
[BlackTeamCountry "GEO"]
[TimeControl "40/5400+30:1800+30"]

1. Nf3 d5 2. g3 Nc6 3. d4 Bf5 4. c4 e6 5. Bg2 Bb4+ (5... Nb4 $5 6. Na3 Nc6 $11) 6. Bd2 {[%emt 0:02:05] D02: 1 d4 d5 2 Nf3 sidelines, including 2...Nf6 3 g3 and 2...Nf6 3 Bf4.} Nge7 7. O-O O-O {[%emt 0:03:30] [#]} 8. a3 $146 {[%emt 0:02:29] White is slightly better.} ({Predecessor:} 8. Qb3 Bxd2 9. Nbxd2 Na5 10. Qa4 Nxc4 11. Nxc4 dxc4 12. Qxc4 Be4 13. Rac1 Nc6 14. Rfd1 {1-0 (57) Birnbaum,W-Dohnow,T Mecklenburg VP 2004}) 8... Bxd2 9. Nbxd2 a5 10. Rc1 h6 11. Re1 Qb8 12. e3 a4 13. Nh4 Bh7 14. cxd5 exd5 15. Rc5 ({Better is} 15. Nb1 $16) 15... Rd8 $11 16. Qh5 g5 {[%emt 0:22:17] Black is on the road to losing.} (16... Ra5 $1 $11 {remains equal.}) 17. e4 $16 {[%emt 0:18:07][%cal Re4d5] White is more active.} (17. Qxh6 gxh4 18. Ne4 Bxe4) 17... gxh4 18. exd5 b6 (18... Bg6 $16 19. Qg4 Qc8 20. Qxc8 Raxc8) 19. Rxc6 $18 (19. dxc6 bxc5 20. Rxe7 Bg6 21. Qxh6 Qxb2 $15) 19... Nxc6 20. Be4 $1 Re8 $2 (20... Nxd4 {is a self mate.} 21. Bxh7+ Kg7 22. Re7 $1 Rf8 23. Bd3) (20... Bxe4 $2 21. Nxe4 (21. Rxe4 Rd6 $16) 21... Qc8 22. Qxh6 $18) (20... f5 {keeps fighting.}) 21. Bxh7+ Kxh7 (21... Kg7 $142 22. Re4 Rxe4 23. Bxe4 Qd8) 22. Ne4 {[%emt 0:11:12][%cal Bd2e4,Be4f6,Bf6d7][%mdl 32] Threatening mate with Ng5+.} Qd8 {[%emt 0:08:18] Prevents Ng5+.} 23. Qxf7+ Kh8 {[%emt 0:00:02] [#]} 24. Qg6 $1 {[%emt 0:00:31] Re3 is the strong threat.} Re7 25. Qxh6+ ({Less strong is} 25. dxc6 Qf8 $14) 25... Rh7 26. Qxc6 {[%emt 0:00:04][%cal Oe4g5] Threatens to win with Ng5!} Rb8 $2 (26... Re7 27. Re3 Qf8) 27. Nf6 {[%emt 0:01:00] Black must now prevent Re8+.} Re7 {[%emt 0:02:56] Prevents Re8+.} 28. Re5 Rxe5 29. dxe5 {[%emt 0:00:05][%mdl 4096] Endgame KQR-KQN} Qe7 30. Nd7 Rc8 31. Qh6+ Qh7 32. Qf6+ Kg8 33. Qe6+ (33. Qg5+ $142 Qg7 34. Nf6+ Kf8 35. Qxh4) 33... Kg7 34. Qe7+ Kh8 35. Qf6+ (35. Qxh7+ $142 Kxh7 36. g4) 35... Kg8 36. Qg5+ Qg7 37. Nf6+ Kf8 38. Qxh4 Kf7 39. Qxa4 {[%emt 0:00:09] White threatens Qd7+ and mate.} Rd8 {[%emt 0:00:14] Inhibits Qd7+.} 40. Qf4 {[%emt 0:00:54] Nh5+ would kill now.} Ke7 41. Qf5 Qf7 42. Qg5 {[%emt 0:00:00] White wants to mate with Nh5+.} Ra8 {[%emt 0:00:00] [#]} 43. Nd7+ $1 Ke8 44. e6 Qf3 45. Qg8+ Ke7 46. Qxa8 {[%emt 0:00:00] Weighted Error Value: White=0.43/Black=0.73} 1-0

[Event "44th Chess Olympiad Open 2022"]
[Site "Chennai"]
[Date "2022.08.08"]
[Round "10.15"]
[White "Terry, Renato"]
[Black "Paichadze, Luka"]
[Result "1/2-1/2"]
[ECO "E16"]
[WhiteElo "2502"]
[BlackElo "2561"]
[Annotator "TA"]
[PlyCount "25"]
[EventDate "2022.07.29"]
[EventType "team-tourn"]
[EventCountry "IND"]
[SourceTitle "playchess.com"]
[Source "ChessBase"]
[SourceQuality "1"]
[WhiteTeam "Peru"]
[BlackTeam "Georgia"]
[WhiteTeamCountry "PER"]
[BlackTeamCountry "GEO"]
[TimeControl "40/5400+30:1800+30"]

1. d4 Nf6 2. Nf3 e6 3. c4 b6 4. g3 Bb7 5. Bg2 Bb4+ 6. Bd2 a5 7. O-O O-O 8. Bg5 Be7 9. Qc2 {[%emt 0:05:12] [#]} Be4 $146 ({Predecessor:} 9... h6 10. Bxf6 Bxf6 11. Nc3 Nc6 12. Rad1 d5 13. a3 Ne7 14. cxd5 Nxd5 15. Nb1 g6 16. e4 Ne7 17. Nc3 Bg7 18. h4 Qd7 19. Ne5 Qe8 {1-0 (60) Babula,V (2561)-Stocek,J (2584) Zlin 2021}) 10. Qd2 Bb7 11. Qc2 Be4 12. Qd2 Bb7 13. Qc2 1/2-1/2

[Event "44th Chess Olympiad Open 2022"]
[Site "Chennai"]
[Date "2022.08.08"]
[Round "10.16"]
[White "Theodorou, Nikolas"]
[Black "Stefansson, Hannes"]
[Result "1/2-1/2"]
[ECO "E05"]
[WhiteElo "2575"]
[BlackElo "2541"]
[Annotator "TA"]
[PlyCount "80"]
[EventDate "2022.07.29"]
[EventType "team-tourn"]
[EventCountry "IND"]
[SourceTitle "playchess.com"]
[Source "ChessBase"]
[SourceQuality "1"]
[WhiteTeam "Greece"]
[BlackTeam "Iceland"]
[WhiteTeamCountry "GRE"]
[BlackTeamCountry "ISL"]
[TimeControl "40/5400+30:1800+30"]

1. Nf3 d5 2. d4 Nf6 3. c4 e6 4. g3 Be7 5. Bg2 O-O 6. O-O dxc4 7. Qc2 b5 8. a4 {[%emt 0:00:14] E05: Open Catalan: 5 Nf3 Be7.} Bb7 9. axb5 a6 10. bxa6 Nxa6 11. Qxc4 Bd5 12. Qc3 c5 13. Be3 Ne4 14. Qe1 Nb4 15. Rxa8 Qxa8 16. Nc3 Nxc3 17. bxc3 Nc2 18. Qd2 Nxe3 19. Qxe3 h6 {[%emt 0:00:56] [#]} 20. Qf4 $146 ({Predecessor:} 20. Rd1 cxd4 21. cxd4 Rd8 22. Qf4 Qa4 23. Qd2 Bf6 24. e3 g6 25. h4 h5 26. Qe2 {1-0 (67) Martirosyan,H (2633)-Gavrilescu,D (2512) Terme Catez 2022}) 20... Bg5 {[%emt 0:02:32] A strong pair of Bishops.} 21. Qg4 Bf6 22. c4 (22. Ne1 $11) 22... Bxc4 $15 23. Ne5 Qa2 {[%emt 0:03:02] [#] aiming for ...Bxe5.} 24. Bf3 Bxe5 25. dxe5 Rb8 26. Rc1 {[%emt 0:15:51] Inhibits Qc2.} Rb1 27. Rxb1 Qxb1+ {[%emt 0:00:08][%mdl 4096] Endgame KQB-KQB} 28. Kg2 Qc2 29. h4 g6 30. Kh2 (30. Qe4 $15 Qxe4 31. Bxe4) 30... Bb5 31. Kg2 {[%emt 0:00:32] [#]} Qd2 ({Black should play} 31... Ba6 $1 $17) 32. Qf4 $1 $11 {[%emt 0:03:56] The position is equal.} Qxf4 33. gxf4 {[%emt 0:00:02] KB-KB} f6 34. Kf1 c4 35. Ke1 c3 36. Kd1 Ba4+ 37. Kc1 fxe5 38. fxe5 Kf7 39. Bg4 g5 40. hxg5 hxg5 {[%emt 0:00:17] Weighted Error Value: White=0.06 (flawless) /Black=0.07 (flawless)} 1/2-1/2

[Event "44th Chess Olympiad Open 2022"]
[Site "Chennai"]
[Date "2022.08.08"]
[Round "10.16"]
[White "Gretarsson, Hjorvar Steinn"]
[Black "Mastrovasilis, Dimitrios"]
[Result "1/2-1/2"]
[ECO "A46"]
[WhiteElo "2563"]
[BlackElo "2599"]
[Annotator "TA"]
[PlyCount "62"]
[EventDate "2022.07.29"]
[EventType "team-tourn"]
[EventCountry "IND"]
[SourceTitle "playchess.com"]
[Source "ChessBase"]
[SourceQuality "1"]
[WhiteTeam "Iceland"]
[BlackTeam "Greece"]
[WhiteTeamCountry "ISL"]
[BlackTeamCountry "GRE"]
[TimeControl "40/5400+30:1800+30"]

1. d4 d5 2. Nf3 Nf6 3. g3 e6 4. Bg2 b5 5. O-O Be7 6. a4 {[%emt 0:00:04] A46: 1 d4 Nf6 2 Nf3 e6: Torre, London and Colle Systems.} b4 7. c4 bxc3 8. bxc3 Bb7 9. Ne5 Nbd7 10. c4 c5 11. Ba3 (11. Nc3 $5 ) 11... Rc8 12. Nxd7 Qxd7 13. dxc5 Bxc5 {[%emt 0:07:03] [#] The position is equal.} 14. Qb3 $146 ({Predecessor:} 14. cxd5 Bxd5 15. Bxc5 Rxc5 16. Na3 O-O 17. Bxd5 Rxd5 18. Qb3 Rd8 19. Nc4 {½-½ (19) Suder,R (2123)-Wilks,S (1935) London 2016}) 14... O-O 15. Rd1 (15. Rc1 {is interesting.} Qe7 16. cxd5 Bxd5 17. Bxd5 Nxd5 18. Rxc5 Rxc5 19. Nd2) 15... Bxa3 16. Nxa3 Bc6 17. Nb5 a6 18. cxd5 Bxd5 19. Bxd5 axb5 ({Don't take} 19... Nxd5 20. e4 axb5 21. axb5 $14 (21. exd5 bxa4 22. Rxa4 exd5 $11)) 20. Bf3 bxa4 21. Rxa4 Qc7 22. Rb4 Rb8 23. Qc4 Qxc4 24. Rxc4 Rfc8 25. Rdc1 Rxc4 26. Rxc4 $11 {[%emt 0:00:04][%mdl 4096] Endgame KRB-KRN} h6 27. h4 Kf8 28. Kg2 Rd8 29. Rc5 Ke7 30. Ra5 Rd7 31. g4 Rc7 {[%emt 0:00:17] Weighted Error Value: White=0.05 (flawless) /Black=0.04 (flawless)} 1/2-1/2

[Event "44th Chess Olympiad Open 2022"]
[Site "Chennai"]
[Date "2022.08.08"]
[Round "10.16"]
[White "Ioannidis, Evgenios"]
[Black "Gretarsson, Helgi Ass"]
[Result "1-0"]
[ECO "D13"]
[WhiteElo "2459"]
[BlackElo "2472"]
[Annotator "TA"]
[PlyCount "109"]
[EventDate "2022.07.29"]
[EventType "team-tourn"]
[EventCountry "IND"]
[SourceTitle "playchess.com"]
[Source "ChessBase"]
[SourceQuality "1"]
[WhiteTeam "Greece"]
[BlackTeam "Iceland"]
[WhiteTeamCountry "GRE"]
[BlackTeamCountry "ISL"]
[TimeControl "40/5400+30:1800+30"]

1. d4 d5 2. c4 c6 3. Nc3 Nf6 4. cxd5 cxd5 5. Bf4 Nc6 6. e3 a6 7. Be2 Bf5 8. Nf3 e6 9. Qb3 {[%emt 0:00:36] D13: Slav Defence: Exchange variation without ...Bf5.} Ra7 10. Ne5 Nxe5 11. Bxe5 {[%emt 0:00:12] White is slightly better.} Nd7 12. O-O {[%emt 0:01:36][%cal Bh1f1,Bf1c1,Bc1c7][%mdl 32] [#]} Qb6 $146 (12... b5 $1 $14) ({Predecessor:} 12... Nxe5 13. dxe5 Be7 14. Qa4+ Kf8 15. Rfd1 Qb8 16. Qd4 b6 17. e4 dxe4 18. Nxe4 Bxe4 19. Qxe4 {0-1 (51) Smirnov,P (2544)-Artemiev,V (2709) Chess.com INT 2021}) 13. Rfc1 Qxb3 14. axb3 Nxe5 15. Nb5 $1 (15. dxe5 $6 Ra8 $14) 15... Nc6 (15... axb5 $2 16. Rxa7 Bd3 17. Rxb7 $1 $18) 16. Nxa7 Nxa7 17. Rc7 Bd6 18. Rxb7 Nc8 19. g4 {[%emt 0:05:43][%mdl 1024] White has strong compensation.} ({Much less strong is} 19. Rxa6 $6 O-O 20. b4 g5 $16) 19... Bg6 (19... Be4 $142 20. Rxa6 O-O) 20. Rxa6 $18 {[%emt 0:04:53] Intending Bb5+ and mate.} O-O 21. h4 (21. b4 $18) 21... h5 22. g5 e5 {[%emt 0:00:00] Inhibits f4.} 23. Rd7 {[%emt 0:03:38] White is more active.} exd4 24. exd4 (24. Raxd6 $16 {aiming for Ra6.} Nxd6 25. Rxd6) 24... Bf4 $11 ({Don't take} 24... Re8 25. Bb5 $14) 25. Bf3 Bf5 (25... Bd3 $5 26. Ra1 g6 $11) 26. Rxd5 g6 27. b4 {[%emt 0:01:56] Threatening b5.} Re8 {[%emt 0:00:52] And now ...Re1+ would win.} 28. Kg2 Re1 (28... Kg7 $11 {might be stronger.}) 29. Ra8 (29. Rf6 $14 Kg7 30. Ra5) 29... Bd3 $1 {[%emt 0:01:08] This bishop pair is nice.} 30. Rxc8+ Kg7 31. Kh3 Rg1 {[%emt 0:00:53] ( -> ...Bf1+)} 32. Bg2 Be2 33. f3 {[%emt 0:01:39] Inhibits Bg4+. White threatens Rdd8 and mate.} Bd3 (33... Bf1 $1 $11 34. Bxf1 Rg3+ 35. Kh2 Rxg5+ 36. Kh3 Rg3+ 37. Kh2 Rg5+ 38. Kh3 Rg3+ 39. Kh2 Rg5+) 34. Rcc5 (34. Ra5 $1 $16) 34... Rd1 35. Rc3 Bb1 (35... Rd2 $1 $11 36. Rxd3 Rxd3) 36. Rc6 $1 $16 Rxd4 {[%emt 0:01:21] [#]} 37. Rf6 $1 Rxb4 {[%emt 0:00:08] [#]} 38. Rxf4 $1 Rxf4 {[%emt 0:00:01][%mdl 4096] Endgame KRB-KRB} 39. Rb5 $1 {[%emt 0:00:37] Against Rb4} Bd3 40. Rb8 Rf5 41. Kg3 Bb5 (41... Rd5 $16) 42. b4 $18 Rd5 43. Bh3 Bc4 {[%emt 0:02:17] [#]} (43... Be2 $16) 44. Rb7 $1 {[%emt 0:00:00] Black must now prevent Be6.} Kf8 (44... Ba6 $142 45. Rc7 Re5) 45. Bd7 Rd6 46. Rc7 Bd5 47. Kf4 {[%emt 0:00:00] Threatens to win with Ke5.} Rb6 (47... Ba8 {is a better defense.} 48. Ba4 Rd8) 48. b5 {[%emt 0:00:00][%cal Bb4b5,Bb5b6][%mdl 32] White is clearly winning.} Bb7 49. Ke3 Bd5 50. Kd4 Bxf3 51. Kc5 Rb8 52. b6 Bb7 53. Bc6 Ba6 54. Ra7 Bc8 55. Bd5 {[%emt 0:00:04] Weighted Error Value: White=0.14 (very precise) /Black=0.36} 1-0

[Event "44th Chess Olympiad Open 2022"]
[Site "Chennai"]
[Date "2022.08.08"]
[Round "10.16"]
[White "Kjartansson, Gudmundur"]
[Black "Banikas, Hristos"]
[Result "1/2-1/2"]
[ECO "A29"]
[WhiteElo "2448"]
[BlackElo "2598"]
[Annotator "TA"]
[PlyCount "175"]
[EventDate "2022.07.29"]
[EventType "team-tourn"]
[EventCountry "IND"]
[SourceTitle "playchess.com"]
[Source "ChessBase"]
[SourceQuality "1"]
[WhiteTeam "Iceland"]
[BlackTeam "Greece"]
[WhiteTeamCountry "ISL"]
[BlackTeamCountry "GRE"]
[TimeControl "40/5400+30:1800+30"]

1. c4 e5 2. g3 Nf6 3. Bg2 d5 4. cxd5 Nxd5 5. Nc3 Nb6 6. Nf3 Nc6 7. O-O Be7 8. Rb1 a5 9. d3 O-O {[%emt 0:00:04] A29: English Opening: Four Knights Variation with 4 g3.} 10. Be3 Re8 11. Rc1 Be6 {[%emt 0:13:00] [#] The position is equal.} 12. Na4 $146 ({Predecessor:} 12. d4 exd4 13. Nxd4 Nxd4 14. Qxd4 Qxd4 15. Bxd4 c5 16. Be3 Nc4 17. Bf4 g5 18. b3 gxf4 19. bxc4 fxg3 20. hxg3 Bxc4 21. Bxb7 {½-½ (50) Romanov,E (2573)-Agmanov,Z (2420) Tashkent 2022}) 12... Nd5 13. Bc5 Bd6 14. Re1 Ra6 15. e4 {[%emt 0:08:17] [#] Black must now prevent Bxd6.} Nb6 16. Bxd6 cxd6 17. Nc3 Bg4 18. h3 Bxf3 19. Bxf3 Nd7 (19... Nd4 {looks sharper.} 20. Kg2 Nd7 21. Ne2 Nxf3 22. Kxf3 Rb6) 20. Nb5 Nf8 21. Bg4 g6 22. h4 $1 h5 23. Bh3 Rb6 24. a4 Nh7 (24... Ne6 $11) 25. Rc4 (25. Qd2 $14 {was preferrable.}) 25... Nf6 $11 26. Bg2 Qe7 27. Qd2 Kg7 28. Rec1 Rd8 29. Qe3 Ra6 30. d4 d5 31. exd5 Nxd5 32. Bxd5 Rxd5 33. Qe4 Rd7 (33... Qd7 $11) 34. d5 $16 {[%emt 0:02:33] White is more active.} Nd4 35. Nxd4 exd4 36. Qxd4+ Qf6 37. Qxf6+ Kxf6 {[%emt 0:00:06][%mdl 4096] Endgame KRR-KRR} 38. Rc5 Rad6 39. Rxa5 Rxd5 40. Rxd5 Rxd5 {[%emt 0:00:03] KR-KR} 41. Rc7 Rd4 42. Rxb7 Rxa4 43. Kg2 Rc4 44. Kf3 Rc2 45. Ke3 Ke6 46. Rb4 f6 47. Re4+ (47. Rb5 $16) 47... Kf7 $11 48. b4 g5 49. Rd4 {[%emt 0:01:02] Hoping for Rd2.} Rb2 50. Rc4 Ke6 51. hxg5 ({White should try} 51. Rc6+ $14 Kf7 52. Rc4) 51... fxg5 52. Kf3 Rb3+ 53. Kg2 Kf5 54. Rc5+ Kg6 55. b5 g4 56. Kf1 {[%emt 0:00:17] aiming for Rc6+.} Rb2 57. Ke1 Kh6 58. Rf5 {[%emt 0:00:09] Kd1 is the strong threat.} Kg6 59. Re5 Kh6 60. Rd5 Kg6 61. Rc5 Kh6 62. Rc6+ Kg5 63. Rb6 Kf5 64. Rb8 Kg6 65. b6 Kg7 66. b7 Rb1+ 67. Kd2 $1 Rb3 68. Kc2 Rb6 69. Kd3 Rb2 70. Kd4 Kh7 71. Ke4 Kg7 72. Kf5 {[%emt 0:02:31] Strongly threatening Kg5.} Rxf2+ 73. Kg5 Rb2 74. Kxh5 Rb1 75. Kxg4 Rb2 76. Kf5 Rb1 77. g4 Rb2 78. Kf4 Rb1 79. Ke5 Rb2 80. Kd6 Rd2+ 81. Kc5 Rc2+ 82. Kd4 {[%emt 0:00:06][%cal Ob8g8] Rg8+! would kill now.} Rb2 83. g5 Rb1 84. Kc3 (84. g6 $5) 84... Rb6 {[%emt 0:00:07] [#]} (84... Rb5 $11 85. Kc2 Rb4) 85. g6 (85. Kc4 $1 $16 Rb2 86. Kd5) 85... Rb1 86. Kd4 Rb2 87. Kc3 $2 (87. Ke4 $11) 87... Rb1 $16 88. Kd4 $2 {[%emt 0:00:03] Weighted Error Value: White=0.09 (flawless) /Black=0.09 (flawless)} (88. Kc4 $16) 1/2-1/2

[Event "44th Chess Olympiad Open 2022"]
[Site "Chennai"]
[Date "2022.08.08"]
[Round "10.17"]
[White "Supi, Luis Paulo"]
[Black "Hansen, Eric"]
[Result "1/2-1/2"]
[ECO "C42"]
[WhiteElo "2603"]
[BlackElo "2606"]
[Annotator "TA"]
[PlyCount "60"]
[EventDate "2022.07.29"]
[EventType "team-tourn"]
[EventCountry "IND"]
[SourceTitle "playchess.com"]
[Source "ChessBase"]
[SourceQuality "1"]
[WhiteTeam "Brazil"]
[BlackTeam "Canada"]
[WhiteTeamCountry "BRA"]
[BlackTeamCountry "CAN"]
[TimeControl "40/5400+30:1800+30"]

1. e4 e5 2. Nf3 Nf6 3. Nxe5 d6 4. Nf3 Nxe4 5. d4 d5 6. Bd3 Bf5 7. O-O Be7 8. Re1 O-O 9. Nbd2 {[%emt 0:00:13][%cal Rd2e4] The position is equal. now supersedes 9.c4. C42: Petroff Defence: 3 Nxe5 and unusual White 3rd moves.} Nd6 $1 10. Nf1 c6 11. Bf4 {[%emt 0:01:43] [#] Threatens to win with Bxd6.} Bxd3 12. Qxd3 Na6 13. Re2 Nc7 {[%emt 0:07:18] [#]} 14. c3 $146 ({Predecessor:} 14. Rae1 Ne6 15. Bxd6 Bxd6 16. g3 Qd7 17. Ne3 Rae8 18. Nf5 Bc7 19. c3 g6 20. N5h4 {½-½ (27) Anand,V (2751)-Caruana,F (2786) Warsaw 2022}) 14... Ne6 15. Be5 Re8 16. Rae1 Bf8 17. N1d2 Ng5 18. Bxd6 Rxe2 19. Rxe2 Bxd6 20. g3 (20. Nxg5 {keeps more tension.} Qxg5 21. Nf3 Qg4 22. b3) 20... Nxf3+ 21. Nxf3 Qd7 22. Qe3 f6 23. Kg2 Kf8 24. Qd3 g6 25. Qe3 Re8 26. Qxe8+ Qxe8 27. Rxe8+ Kxe8 28. Ne1 Ke7 29. Kf3 Ke6 30. Nc2 Kf5 {[%emt 0:00:39] A balanced but interesting game.  Weighted Error Value: White=0.03 (flawless) /Black=0.02 (flawless)} 1/2-1/2

[Event "44th Chess Olympiad Open 2022"]
[Site "Chennai"]
[Date "2022.08.08"]
[Round "10.17"]
[White "Mekhitarian, Krikor Sevag"]
[Black "Noritsyn, Nikolay"]
[Result "1-0"]
[ECO "A85"]
[WhiteElo "2542"]
[BlackElo "2482"]
[Annotator "TA"]
[PlyCount "87"]
[EventDate "2022.07.29"]
[EventType "team-tourn"]
[EventCountry "IND"]
[SourceTitle "playchess.com"]
[Source "ChessBase"]
[SourceQuality "1"]
[WhiteTeam "Brazil"]
[BlackTeam "Canada"]
[WhiteTeamCountry "BRA"]
[BlackTeamCountry "CAN"]
[TimeControl "40/5400+30:1800+30"]

1. d4 e6 2. c4 f5 3. Nc3 Nf6 4. a3 Be7 5. e3 O-O 6. Bd3 {[%emt 0:00:03] [#] A85: Dutch Defence: 2 c4 Nf6 3 Nc3.} c5 $146 ({Predecessor:} 6... b6 7. Nge2 Bb7 8. O-O c5 9. d5 Bd6 10. h3 Qe7 11. Qc2 Kh8 12. dxe6 dxe6 {0-1 (24) Kopylov,A (2444)-Kuzubov,Y (2623) St Petersburg 2011}) 7. dxc5 Bxc5 8. b4 {[%emt 0:00:25] White is slightly better.} Be7 9. Bb2 a5 10. b5 d6 11. Nf3 Nbd7 12. Na4 Ne4 13. Bxe4 fxe4 14. Nd2 {[%emt 0:00:02] White is more active.} ({Reject} 14. Qd4 Nf6 15. Nd2 e5 $15) 14... Nf6 15. O-O Bd7 16. Rc1 d5 17. Qb3 Be8 18. c5 Rc8 19. Bd4 Bh5 20. Nb6 Rc7 21. a4 Bf7 22. Qb2 {[%emt 0:02:32] Black must now prevent Nb3.} e5 $1 23. Bc3 Bxc5 24. Bxa5 Qd6 $2 {[%emt 0:00:42] [#]} (24... Qe7 $11 {and Black stays safe.}) 25. Nxd5 $1 $18 Bxd5 26. Bxc7 Qxc7 27. Nb3 b6 {[%emt 0:01:53] This move loses the game for Black.} (27... Bxb3 $16 28. Qxb3+ Kh8) 28. Nxc5 bxc5 29. b6 Qc6 30. a5 {[%emt 0:00:08][%mdl 1024] aiming for Rfd1. White has strong compensation.} Ra8 31. Ra1 Nd7 32. Rfd1 Rb8 33. Qd2 Nf6 34. Qc3 Nd7 35. Rd2 {[%emt 0:00:01] Threatens to win with Rad1.} Ra8 $2 (35... c4 36. Rad1 Nf6 37. Qxe5 Re8) 36. h3 {[%emt 0:00:53] Hoping for Rad1.} Kf7 37. Rad1 Nf6 38. Rb1 Nd7 39. b7 Rb8 40. a6 Be6 41. Qa5 c4 42. a7 {[%emt 0:02:58] Rxd7+ would kill now.} c3 43. Rxd7+ {[%emt 0:00:15][%mdl 64] [#] Promotion} Qxd7 44. axb8=Q {[%emt 0:00:22] Weighted Error Value: White=0.28 (precise) /Black=0.52} 1-0

[Event "44th Chess Olympiad Open 2022"]
[Site "Chennai"]
[Date "2022.08.08"]
[Round "10.17"]
[White "Panjwani, Raja"]
[Black "Fier, Alexandr"]
[Result "1/2-1/2"]
[ECO "A84"]
[WhiteElo "2450"]
[BlackElo "2567"]
[Annotator "TA"]
[PlyCount "82"]
[EventDate "2022.07.29"]
[EventType "team-tourn"]
[EventCountry "IND"]
[SourceTitle "playchess.com"]
[Source "ChessBase"]
[SourceQuality "1"]
[WhiteTeam "Canada"]
[BlackTeam "Brazil"]
[WhiteTeamCountry "CAN"]
[BlackTeamCountry "BRA"]
[TimeControl "40/5400+30:1800+30"]

1. d4 d5 2. c4 e6 3. Nf3 c6 4. e3 f5 5. Bd3 Nf6 6. O-O Bd6 7. b3 Qe7 8. a4 a5 9. Ba3 Bxa3 10. Nxa3 O-O 11. Nc2 {[%emt 0:04:14] A84: Dutch Defence: 2 c4 Miscellaneous.} b6 12. cxd5 exd5 13. Ne5 {[%emt 0:14:50] White has an edge.} c5 14. Ne1 Na6 15. Rc1 Nb4 16. Bb5 {[%emt 0:01:03] [#]} Be6 $146 ({Predecessor:} 16... Ne4 17. N1d3 Bb7 18. Nd7 Na2 19. Nxf8 Nec3 20. Qh5 Nxc1 21. Rxc1 Nxb5 22. Qxh7+ Kxf8 23. axb5 c4 24. bxc4 dxc4 25. Ne5 Qg5 26. g3 Rc8 27. h4 Qh6 28. Qxf5+ {1-0 (28) Rabatin,J (2300)-Kozusek,D (2367) Czech Republic 2019}) 17. N1d3 Rac8 18. f3 Rc7 19. Qd2 Rfc8 20. Rc3 cxd4 21. Rxc7 Qxc7 22. exd4 Qc3 23. Qxc3 Rxc3 24. Rc1 Na2 25. Rxc3 Nxc3 {[%emt 0:00:04] The position is equal.} 26. Nf4 {[%emt 0:01:51] Against Ne2+} Bc8 27. h4 Nxb5 28. axb5 $11 {[%emt 0:00:01][%cal Og2g4][%mdl 4096] Endgame KBN-KNN} Kf8 29. Kf2 Ke7 30. Ne2 Kd6 31. Ke3 h6 32. Nc3 Be6 33. Nd3 g5 34. hxg5 hxg5 35. b4 f4+ 36. Kd2 axb4 37. Nxb4 Bd7 38. Nd3 Nh5 39. Nb4 Nf6 40. Nd3 Be8 41. Nb4 Bd7 {[%emt 0:04:26] Weighted Error Value: White=0.03 (flawless) /Black=0.04 (flawless)} 1/2-1/2

[Event "44th Chess Olympiad Open 2022"]
[Site "Chennai"]
[Date "2022.08.08"]
[Round "10.17"]
[White "Preotu, Razvan"]
[Black "Diamant, Andre"]
[Result "1-0"]
[ECO "C43"]
[WhiteElo "2445"]
[BlackElo "2538"]
[Annotator "TA"]
[PlyCount "95"]
[EventDate "2022.07.29"]
[EventType "team-tourn"]
[EventCountry "IND"]
[SourceTitle "playchess.com"]
[Source "ChessBase"]
[SourceQuality "1"]
[WhiteTeam "Canada"]
[BlackTeam "Brazil"]
[WhiteTeamCountry "CAN"]
[BlackTeamCountry "BRA"]
[TimeControl "40/5400+30:1800+30"]

1. e4 e5 2. Nf3 Nf6 3. d4 Nxe4 4. Bd3 d5 5. Nxe5 Nd7 6. Nxd7 Bxd7 7. O-O Bd6 8. Nc3 $1 {[%emt 0:00:22][%mdl 4] outshines the older 8.c4.} Nxc3 9. bxc3 O-O 10. Qh5 {[%emt 0:00:12][%csl Gd3,LRd5,LRh7][%cal Rh5h7] Inhibits Qh4. C43: Petroff Defence: 3 d4.} f5 11. Bg5 Qe8 12. Qf3 {[%emt 0:00:18] The position is equal.} c6 13. Rfe1 {[%emt 0:10:56] [#]} Qg6 $146 ({Predecessor:} 13... Qf7 14. Bf4 Bxf4 15. Qxf4 Rac8 16. Re5 c5 17. Rae1 c4 18. Bf1 Rce8 19. g3 Rxe5 20. Rxe5 {1-0 (71) Estrada Nieto,J (2261)-Khamdamova,A (1771) Chess.com INT 2022}) 14. Bf4 Rae8 15. a4 b6 16. h4 Bxf4 (16... h6 $11) 17. Qxf4 $16 Qg4 (17... Rc8 $16) 18. Qd6 (18. Qc7 $18 Rf7 19. Rxe8+ (19. Qxa7 Ref8 $16) 19... Bxe8 20. Qd8) 18... f4 19. Rxe8 Rxe8 20. f3 Qe6 21. Qxf4 a5 22. Rb1 {[%emt 0:23:56] White is more active.} c5 {[%emt 0:00:37] Black cannot hold the game after this.} (22... b5 $16) 23. c4 dxc4 24. d5 $1 $36 {[%emt 0:00:09][%mdl 2048] White has strong initiative.} Qe3+ (24... Qh6 $142 25. Qxh6 (25. Qxc4 Qd6 $16) 25... gxh6 26. Bxc4 Bxa4) 25. Qxe3 $18 Rxe3 {[%emt 0:00:04] [#]} 26. Kf2 $1 ({Don't do} 26. Bxc4 $6 Rc3 27. Bb5 Bxb5 28. Rxb5 Rxc2 $16) 26... cxd3 $2 (26... Re8) 27. Kxe3 dxc2 {[%emt 0:00:06][%mdl 4096] Endgame [#] KR-KB} 28. Re1 Bxa4 29. Kd2 b5 (29... Kf7 $142 30. Re6 b5) 30. d6 {[%emt 0:01:15] White threatens d7 and mate.} b4 31. Ra1 Bd7 32. Rxa5 {[%emt 0:00:11] aiming for Ra7.} Kf7 33. Rxc5 b3 34. Re5 {[%emt 0:00:16] Strongly threatening Re7+.} Be6 35. g4 Kf6 36. Re1 h6 37. g5+ hxg5 38. hxg5+ Kf7 39. Kc1 Bf5 40. Re7+ Kf8 41. Re5 Bd7 42. g6 Bc6 43. f4 Bd7 44. Ra5 Bc6 {[%emt 0:00:00] Against Ra8+} 45. Rc5 Bd7 46. Rh5 Kg8 {[%emt 0:00:00] Inhibits Rh8+.} 47. Ra5 {[%emt 0:00:00] Ra8+ would kill now.} Be8 48. Ra8 {[%emt 0:00:00] Weighted Error Value: White=0.08 (flawless) /Black=0.78} 1-0